 Dungeon Crawl Stone Soup version 0.17.1-2-g5865329 (webtiles) character file.

177 Rationalist the Skirmisher (level 5, -1/42 HPs)
             Began as a Demonspawn Berserker on Jan 15, 2016.
             Was a Priest of Trog.
             Slain by Grinder (3 damage)
             ... on level 3 of the Dungeon.
             The game lasted 00:03:34 (3391 turns).

Rationalist the Skirmisher (Demonspawn Berserker)   Turns: 3391, Time: 00:03:34

Health: -1/42      AC:  4    Str: 17    XL:     5   Next: 31%
Magic:  5/5        EV: 13    Int:  9    God:    Trog [***...]
Gold:   89         SH:  2    Dex: 13    Spells: 0 memorised, 4 levels left

rFire  . . .     SeeInvis .     a - +0 hand axe
rCold  . . .     Clarity  .     b - +0 animal skin
rNeg   . . .     SustAt   .     (no shield)
rPois  .         Gourm    .     (no helmet)
rElec  .         Spirit   .     (no cloak)
rCorr  .         Warding  .     (no gloves)
rMut   .         Stasis   .     (no boots)
MR     .....                    (no amulet)
Stlth  ++........               (no ring)
                                (no ring)

@: lethally poisoned (-1 -> -15), not resistant to hostile enchantments,
unstealthy
A: large bone plates 1, powered by pain 1, spiny 1
a: Berserk, Trog's Hand, Burn Spellbooks, Renounce Religion


You were on level 3 of the Dungeon.
You worshipped Trog.
Trog was most pleased with you.
You were not hungry.

You visited 1 branch of the dungeon, and saw 3 of its levels.

You collected 89 gold pieces.

Inventory:

Hand Weapons
 a - a +0 hand axe (weapon)
Missiles
 i - 16 poisoned sling bullets
 s - 18 sling bullets
Armour
 b - a +0 animal skin (worn)
Jewellery
 e - an uncursed amulet of resist mutation {unknown}
Scrolls
 d - 3 scrolls of identify {unknown}
 h - 3 scrolls of remove curse {unknown}
 j - a scroll of recharging {unknown}
 q - a scroll of random uselessness {unknown}
 t - a scroll of noise {unknown}
 v - a scroll of fear {unknown}
 x - 2 scrolls of enchant weapon {unknown}
Potions
 f - 3 potions of curing {unknown}
 k - a potion of brilliance {unknown}
 l - a potion of cure mutation {unknown}
 m - a potion of might {unknown}
 n - a potion of haste {unknown}
 p - 2 potions of poison
 r - a potion of berserk rage {unknown}
 w - a potion of mutation {unknown}
Comestibles
 c - 2 bread rations
 g - 2 meat rations
 o - 6 chunks of flesh
 u - a beef jerky


   Skills:
 + Level 4.2 Fighting
 + Level 3.4 Axes
 + Level 1.8 Armour
 + Level 3.2 Dodging
 + Level 1.4 Stealth


You had 4 spell levels left.
You didn't know any spells.

Dungeon Overview and Level Annotations

Branches:
Dungeon (3/15)

Altars:
Ashenzari
Dithmenos
Elyvilon
Qazlal
Sif Muna
Trog
Xom

Annotations:
D:3 Grinder


Innate Abilities, Weirdness & Mutations

You are partially covered in large bone plates (AC +2, SH +2).
You sometimes gain a little power by taking damage.
You are partially covered in sharp spines.


Message History

Grinder gestures at you. Pain shoots through your body!
Grinder barely misses you. Grinder hits you.
You writhe in agony.
Grinder hits you but does no damage. Grinder hits you.
Grinder is struck by your spines. Grinder hits you.
You writhe in agony.
* * * LOW HITPOINT WARNING * * *
Grinder is struck by your spines. Grinder hits you.
* * * LOW HITPOINT WARNING * * *
You writhe in agony.
* * * LOW HITPOINT WARNING * * *
You can move again.
Drink which item? (? for menu, Esc to quit)
It was a potion of poison.
That liquid tasted very nasty...
You are lethally poisoned!
* * * LOW HITPOINT WARNING * * *
You feel sick. Grinder is struck by your spines. Grinder hits you.
You die...

#..#
##.##
#..#
#..#
#..##
##..#
#
#..##
#
#...#
#
##@.#
##
#5).#
.#
#...#
.#
##..#
.#
..#
.#
.>#
##
### #
#


You could see Grinder.

Vanquished Creatures
  Jessica (D:3)
  8 gnolls
  An ooze (D:1)
  2 worms (D:2)
  4 giant geckos
  An orc (D:3)
  4 giant cockroaches
  10 goblins
  4 hobgoblins
  9 jackals
  2 ball pythons (D:1)
  8 bats
  5 giant newts
  7 kobolds
  5 rats
71 creatures vanquished.

Notes
Turn   | Place    | Note
--------------------------------------------------------------
     0 | D:1      | Rationalist the Demonspawn Berserker began the quest for the Orb.
     0 | D:1      | Reached XP level 1. HP: 18/18 MP: 1/1
   795 | D:1      | Gained mutation: You are partially covered in sharp spines. [demonic ancestry]
   795 | D:1      | Reached XP level 2. HP: 24/24 MP: 2/2
  1458 | D:1      | Reached ** piety under Trog
  1458 | D:1      | Reached XP level 3. HP: 30/30 MP: 3/3
  1775 | D:2      | Found a stormy altar of Qazlal.
  1788 | D:2      | Reached skill level 4 in Fighting
  1790 | D:2      | Gained mutation: You are partially covered in large bone plates (AC +2, SH +2). [demonic ancestry]
  1790 | D:2      | Reached XP level 4. HP: 24/37 MP: 4/4
  2115 | D:2      | Found a shattered altar of Ashenzari.
  2188 | D:2      | Found a deep blue altar of Sif Muna.
  2380 | D:2      | Found a shadowy altar of Dithmenos.
  2690 | D:2      | Reached *** piety under Trog
  2724 | D:2      | Found a bloodstained altar of Trog.
  2725 | D:2      | Found a shimmering altar of Xom.
  2786 | D:3      | Reached skill level 1 in Stealth
  2793 | D:3      | Gained mutation: You sometimes gain a little power by taking damage. [demonic ancestry]
  2793 | D:3      | Reached XP level 5. HP: 37/42 MP: 5/5
  3004 | D:3      | Found a white marble altar of Elyvilon.
  3019 | D:3      | Noticed Jessica
  3031 | D:3      | Killed Jessica
  3377 | D:3      | Noticed Grinder
  3384 | D:3      | Paralysed by Grinder for 7 turns
  3391 | D:3      | HP: 2/42 [poison (a potion of poison)]
  3391 | D:3      | Slain by Grinder

Action                   |  1- 3 |  4- 6 || total
-------------------------+-------+-------++-------
Melee: Hand axe          |    60 |    49 ||   109
Invok: Berserk           |     1 |     1 ||     2
  Use: Potion            |       |     1 ||     1
 Stab: Sleeping          |     1 |     2 ||     3
  Eat: Chunk             |     2 |     8 ||    10
